 Dungeon Crawl Stone Soup version 0.30.1-9-gdf580d7c3d (webtiles) character file.

Game seed: 17467992953308273141

51 hawla the Firebug (level 3, -6/19 HPs)
             Began as a Deep Elf Fire Elementalist on Oct 25, 2023.
             Killed by divine providence
             ... invoked by an orc priest
              (14 damage)
             ... on level 3 of the Dungeon.
             The game lasted 00:04:20 (1854 turns).

hawla the Firebug (Deep Elf Fire Elementalist)      Turns: 1854, Time: 00:04:21

Health: -6/19      AC:  3    Str:  5    XL:     3   Next: 58%
Magic:  5/10       EV: 13    Int: 21    God:
Gold:   75         SH:  0    Dex: 21    Spells: 6/9 levels left

rFire   . . .        (no weapon)
rCold   . . .        (no shield)
rNeg    . . .        a - +0 robe
rPois   .            (no helmet)
rElec   .            c - +0 cloak
rCorr   .            (no gloves)
SInv    .            (no boots)
Will    .....        (no amulet)
Stlth   +++          i - +6 ring of dexterity
HPRegen 0.23/turn    (no ring)
MPRegen 0.12/turn

%: no passive effects
@: no status effects
A: no striking features
a: no special abilities


You were on level 3 of the Dungeon.
You visited 1 branch of the dungeon, and saw 3 of its levels.

You collected 75 gold pieces.

Inventory:

Armour
 a - a +0 robe (worn)
 c - a +0 cloak (worn)
Jewellery
 g - an amulet of reflection
 i - a +6 ring of dexterity (left hand)
Wands
 e - a wand of flame (9)
Scrolls
 j - a scroll of identify {unknown}
 k - a scroll of acquirement {unknown}
 l - a scroll of teleportation
 m - a scroll of enchant armour {unknown}
Potions
 b - a potion of magic
 d - 2 potions of curing {unknown}
 f - a potion of degeneration {unknown}
 h - a potion of lignification {unknown}


   Skills:
 + Level 2.8 Dodging
 + Level 2.8 Stealth
 + Level 3.9 Spellcasting
 + Level 1.6 Conjurations
 + Level 4.0 Fire Magic


You had 6 spell levels left.
You knew the following spells:

 Your Spells              Type           Power      Damage    Failure   Level
a - Foxfire               Conj/Fire      60%        2x1d7     3%          1
b - Scorch                Fire           42%        2d6       3%          2

Your spell library contained the following spells:

 Spells                   Type           Power      Damage    Failure   Level
 Inner Flame              Hex/Fire       12%        N/A       16%         3
 Volatile Blastmotes      Fire/Tloc      24%        2d12      16%         3
 Gell's Gravitas          Tloc           4%         N/A       36%         3
 Teleport Other           Tloc           4%         N/A       36%         3
 Flame Wave               Conj/Fire      15%        2d7       36%         4
 Dispersal                Tloc           2%         N/A       100%        6


Dungeon Overview and Level Annotations

Branches:
Dungeon (3/15)

Altars:

Shops:
D:1 :


Message History

An orc wizard is nearby!
Casting: Foxfire (safe; 3% risk of failure)
Confirm with . or Enter, or press ? or * to list all spells.
You conjure some foxfire!
An orc priest comes into view. It is wielding a +0 short sword.
Casting: Foxfire (safe; 3% risk of failure)
Confirm with . or Enter, or press ? or * to list all spells.
You conjure some foxfire!
An orc comes into view. It is wielding a +0 mace.
The foxfire hits the orc wizard.
The orc wizard is lightly wounded.
Casting: Foxfire (safe; 3% risk of failure)
Confirm with . or Enter, or press ? or * to list all spells.
You conjure some foxfire!
The foxfire hits the orc.
The orc is moderately wounded.
The foxfire hits the orc wizard.
The orc wizard is moderately wounded.
The foxfire hits the orc.
The orc is severely wounded.
The orc priest mumbles some strange prayers to Beogh against you.
Beogh smites you!
Ouch! That really hurt!
You hear a shout!
You are too injured to fight recklessly!
You are too injured to fight recklessly!
Unknown command.
Casting: Foxfire (safe; 3% risk of failure)
Confirm with . or Enter, or press ? or * to list all spells.
You conjure some foxfire!
The foxfire hits the orc.
The orc is almost dead.
The foxfire hits the orc.
You kill the orc!
Casting: Foxfire (safe; 3% risk of failure)
Confirm with . or Enter, or press ? or * to list all spells.
You conjure some foxfire!
The foxfire hits the orc wizard.
The orc wizard is severely wounded.
The orc priest invokes the aid of Beogh against you.
Beogh smites you!
Ouch! That really hurt!
You die...

##..##. ..
#.....##. .. #.
#..... .##.....
....##...##o..
#...........
#####....##§o).#
#........§§.#v.#.
#.###...§§v.§...#
#.# ##...@v§?#.
#.# #.##§§..#..
#.# #...#.....#
##.# ##..#.....#
#..# #..........
#.## #....##.###
#.# ###..##.# #.#
###.##.## #.#
#.......######.


You could see an orc priest and an orc wizard (ally target).

Vanquished Creatures
  3 worms
  An orc (D:3)
  3 bats (D:2)
  3 endoplasms
  A goblin (D:1)
  5 hobgoblins
  8 jackals (D:1)
  3 ball pythons
  2 frilled lizards (D:2)
  6 kobolds
  5 rats
40 creatures vanquished.

Vanquished Creatures (others)
  95 foxfires
95 creatures vanquished.

Grand Total: 135 creatures vanquished

Notes
Turn   | Place    | Note
-------+----------+-------------------------------------------
     0 | D:1      | hawla the Deep Elf Fire Elementalist began the quest for
                  | the Orb.
     0 | D:1      | Reached XP level 1. HP: 10/10 MP: 6/6
   263 | D:1      | Reached XP level 2. HP: 10/15 MP: 2/8
   356 | D:1      | Learned a level 2 spell: Scorch
   667 | D:1      | Found Opsir's Book Boutique.
   997 | D:2      | Reached XP level 3. HP: 19/19 MP: 2/10
  1790 | D:3      | Reached skill level 4 in Fire Magic
  1854 | D:3      | Killed from afar by an orc priest

Illustrated notes

Levels and vault maps discovered:
D:1:      dpeg_arrival_stone_temple_mockup, layout_basic, serial_shops,
          nicolae_shop_advertising_works [nicolae_subvault_shop_adworks],
          serial_forest, infiniplex_forest_corner_1,
          infiniplex_forest_straight_2, infiniplex_forest_zigzag_1,
          infiniplex_forest_lined_room_
D:2:      layout_loops_cross, chequers_serial_rivers_micro_c
D:3:      layout_loops_ring, gammafunk_temple_overflow_elements,
          hangedman_decor_peaks_small, nicolae_figureground_pulse

Skill      XL: |  1  2  3 |
---------------+----------+-----
Fire Magic     | 4 |  4.0
Dodging        | |  2.8
Stealth        | |  2.8
Spellcasting   | |  3.9
Conjurations   | |  1.6

Action                     || total
---------------------------++-------
  Melee: Unarmed           ||     7
   Cast: Foxfire           ||    56
         Scorch            ||     9
    Use: Scroll            ||     3
  Dodge: Dodged            ||    18
